 Dungeon Crawl Stone Soup version 0.30-a0-777-ga9a30cbeda (webtiles) character file.

Game seed: 13717728222146392036

510 sanka the Chucker (level 7, -4/59 HPs)
             Began as a Ghoul Monk on Feb 14, 2023.
             Slain by a necrophage (6 damage)
             ... on level 5 of the Dungeon.
             The game lasted 00:06:44 (3966 turns).

sanka the Chucker (Ghoul Monk)                      Turns: 3966, Time: 00:06:44

Health: -4/59      AC:  5    Str: 17    XL:     7   Next: 19%
Magic:  6/6        EV: 11    Int:  5    God:
Gold:   198        SH:  0    Dex: 11    Spells: 6/6 levels left

rFire   . . .      SeeInvis .    q - +2 dagger (elec)
rCold   + . .      Faith    .    (no shield)
rNeg    + + +      Spirit   .    e - +0 ring mail
rPois   ∞          Reflect  .    (no helmet)
rElec   .          Harm     .    (no cloak)
rCorr   .          Rampage  .    (no gloves)
Will    .....                    (no boots)
Stlth   +                        (no amulet)
HPRegen 0.00/turn                (no ring)
MPRegen 0.10/turn                (no ring)

@: inhibited regen
A: claws 1, cold resistance 1, negative energy resistance 3, inhibited
regeneration, torment resistance 2, devour on kill
a: no special abilities


You were on level 5 of the Dungeon.
You visited 1 branch of the dungeon, and saw 5 of its levels.
You also visited: Ossuary.

You collected 198 gold pieces.


Innate Abilities, Weirdness & Mutations

You are immune to poison.
You have sharp fingernails.
Your flesh is cold resistant. (rC+)
You are immune to negative energy. (rN+++)
You do not regenerate when monsters are visible.
You are immune to unholy pain and torment.
You thrive by killing the living.


   Skills:
 - Level 4.0 Fighting
 + Level 6.3 Throwing
 - Level 2.6 Dodging
 - Level 2.1 Stealth
 - Level 3.2 Unarmed Combat


You had 6 spell levels left.
You didn't know any spells.
Your spell library contained the following spells:

 Spells                   Type           Power      Damage    Failure   Level
 Ensorcelled Hibernation  Hex/Ice        0%         N/A       83%         2
 Passwall                 Tmut/Erth      0%         N/A       83%         2
 Dazzling Flash           Conj/Hex       0%         N/A       96%         3
 Gell's Gravitas          Tloc           0%         N/A       96%         3
 Swiftness                Air            0%         N/A       96%         3
 Teleport Other           Tloc           0%         N/A       96%         3
 Iskenderun's Mystic Bla  Conj/Tloc      0%         2d3       100%        4
 Conjure Ball Lightning   Conj/Air       0%         3x3d6     100%        6
 Dispersal                Tloc           0%         N/A       100%        6
 Starburst                Conj/Fire      0%         6d3       100%        6
 Discord                  Hex            0%         N/A       100%        8
 Disjunction              Tloc           0%         N/A       100%        8

Inventory:

Hand Weapons
 m - a +0 halberd
 q - a +2 dagger of electrocution (weapon)
Missiles
 t - 11 stones (quivered)
Armour
 a - a +0 robe
 e - a +0 ring mail (worn)
Magical Staves
 g - a staff of fire
 k - a staff of cold
Wands
 n - a wand of paralysis (5)
Scrolls
 c - 2 scrolls of poison {unknown}
 d - a scroll of magic mapping {unknown}
 h - 2 scrolls of fog {unknown}
 j - 2 scrolls of teleportation {unknown}
 l - a scroll of blinking {unknown}
 o - 4 scrolls of identify {unknown}
 p - a scroll of fear {unknown}
 s - 2 scrolls of enchant weapon {unknown}
 u - a scroll of noise {unknown}
 v - a scroll of torment {unknown}
 w - a scroll of immolation {unknown}
Potions
 b - 3 potions of ambrosia
 f - 5 potions of curing {unknown}
 i - a potion of resistance {unknown}
 r - 3 potions of lignification {unknown}
 x - a potion of might {unknown}
 z - a potion of flight {unknown}
 A - 2 potions of degeneration {unknown}
 B - a potion of brilliance {unknown}
 C - 2 potions of berserk rage {unknown}
 D - a potion of magic {unknown}
 E - a potion of mutation {unknown}

Dungeon Overview and Level Annotations

Branches:
Dungeon (5/15)            Ossuary (visited)
 Temple: D:4-7

Altars:

▒▒▒▒▒▒▒▒▒▒▒▒▒▒▒▒▒.
▒........nn.......
.▒.▒..<▒▒▒..▒.▒..
▒...▒ ..▒ ▒......
..▒ ▒....... ...
▒.......▒....
▒▒....▒.▒..▒.▒
▒....▒.▒<.▒.▒
▒.▒.▒▒.▒


You could see a necrophage.


Message History

The hound closely misses you.
Found a stone staircase leading up.
You hit the hound.
You kill the hound!
You hit the necrophage.
The necrophage is lightly damaged.
The necrophage hits you.
* * * LOW HITPOINT WARNING * * *
You hit the necrophage but do no damage.
The necrophage is lightly damaged.
The necrophage hits you.
* * * LOW HITPOINT WARNING * * *
You hit the necrophage but do no damage.
The necrophage is lightly damaged.
The necrophage hits you but does no damage.
You closely miss the necrophage.
The necrophage is lightly damaged.
The necrophage hits you.
* * * LOW HITPOINT WARNING * * *
You closely miss the necrophage.
The necrophage is lightly damaged.
The necrophage hits you but does no damage.
You closely miss the necrophage.
The necrophage is lightly damaged.
The necrophage hits you!
* * * LOW HITPOINT WARNING * * *
You hit the necrophage but do no damage.
The necrophage is lightly damaged.
The necrophage hits you.
You die...

Action                     |  1- 3 |  4- 6 |  7- 9 || total
---------------------------+-------+-------+-------++-------
  Melee: Unarmed           |   155 |   142 |       ||   297
         Punch             |     5 |     2 |       ||     7
         Dagger            |       |    74 |    22 ||    96
  Throw: Stone             |       |    17 |       ||    17
  Evoke: Wand              |       |     4 |       ||     4
   Stab: Sleeping          |     3 |       |       ||     3
         Paralysed         |       |     6 |       ||     6
 Armour: Robe              |    14 |    11 |       ||    25
         Ring mail         |       |    38 |     7 ||    45
  Dodge: Dodged            |    78 |   124 |    14 ||   216

Levels and vault maps discovered:
D:1:      psy_arrival_radial02, layout_basic, minmay_lizard_pond
D:2:      cheibrodos_fertilizer, layout_basic, minmay_liquid_box
D:3:      layout_loops_ring, hex_tiny, minmay_box_of_dots
D:4:      layout_basic, nicolae_ru_awakened_eye, nicolae_ossuary_entry_plus,
          uniq_crazy_yiuf_cottage, uniq_grinder, uniq_sigmund
D:5:      layout_loops_ring, grunt_dithmenos_smoke_and_mirrors, minivault_27

Notes
Turn   | Place    | Note
-------+----------+-------------------------------------------
     0 | D:1      | sanka the Ghoul Monk began the quest for the Orb.
     0 | D:1      | Reached XP level 1. HP: 19/19 MP: 0/0
   102 | D:1      | Reached XP level 2. HP: 10/26 MP: 1/1
   201 | D:1      | Reached skill level 1 in Throwing
   404 | D:1      | Reached XP level 3. HP: 25/33 MP: 2/2
   406 | D:1      | Reached skill level 4 in Fighting
   581 | D:1      | Reached skill level 2 in Throwing
  1308 | D:2      | Reached XP level 4. HP: 38/40 MP: 3/3
  1473 | D:2      | Reached skill level 3 in Throwing
  1721 | D:2      | Reached XP level 5. HP: 19/46 MP: 4/4
  2134 | D:2      | Reached skill level 4 in Throwing
  3283 | D:4      | Reached XP level 6. HP: 30/52 MP: 5/5
  3355 | D:4      | Found a sand-covered staircase.
  3367 | D:4      | Reached skill level 5 in Throwing
  3368 | Ossuary  | Entered an ossuary
  3368 | Ossuary  | Noticed a wraith
  3368 | Ossuary  | Noticed a wraith
  3368 | Ossuary  | Noticed a wraith
  3659 | Ossuary  | Noticed a wraith
  3670 | Ossuary  | Killed a wraith
  3671 | Ossuary  | Reached skill level 6 in Throwing
  3671 | Ossuary  | Reached XP level 7. HP: 50/59 MP: 6/6
  3950 | D:5      | Entered Level 5 of the Dungeon
  3965 | D:5      | HP: 2/59 [necrophage (7)]
  3966 | D:5      | Slain by a necrophage

Vanquished Creatures
  A wraith (Ossuary)
  A necrophage (D:4)
  A jelly (D:2)
  A hound (D:5)
  An orc wizard (D:3)
  3 mummies (Ossuary)
  5 adders
  3 gnolls (D:2)
  3 worms (D:2)
  3 dart slugs (D:1)
  2 orcs
  5 ball pythons
  13 endoplasms
  5 goblins
  6 hobgoblins
  8 jackals
  12 kobolds
  A quokka (D:4)
  3 bats
  12 frilled lizards
  A gnoll zombie (Ossuary)
  A goblin zombie (Ossuary)
  3 hobgoblin zombies (Ossuary)
  5 kobold zombies (Ossuary)
  5 rats
104 creatures vanquished.

Vanquished Creatures (others)
  A fungus (D:2)
  9 toadstools (D:2)
10 creatures vanquished.

Grand Total: 114 creatures vanquished
